 Dungeon Crawl Stone Soup version 0.17.0-26-gececa24 (console) character file.

142 gw the Chopper (level 5, 0/47 HPs)
             Began as a Hill Orc Berserker on Nov 19, 2015.
             Was a Believer of Trog.
             Slain by an orc
             ... wielding a +0 trident
              (9 damage)
             ... on level 3 of the Dungeon.
             The game lasted 00:02:07 (3238 turns).

gw the Chopper (Hill Orc Berserker)                 Turns: 3238, Time: 00:02:07

Health: 0/47       AC:  5    Str: 20    XL:     5   Next: 24%
Magic:  5/5        EV: 11    Int:  7    God:    Trog [**....]
Gold:   60         SH:  0    Dex: 11    Spells: 0 memorised, 4 levels left

rFire  . . .     SeeInvis .     a - +1 hand axe
rCold  . . .     Clarity  .     i - +0 ring mail
rNeg   . . .     SustAt   .     (no shield)
rPois  .         Gourm    .     (no helmet)
rElec  .         Spirit   .     (no cloak)
rCorr  .         Warding  .     (no gloves)
rMut   .         Stasis   .     (no boots)
MR     .....                    (no amulet)
Stlth  +.........               (no ring)
                                (no ring)

@: exhausted, slowed, very slow, not resistant to hostile enchantments, very
unstealthy
A: no striking features
a: Berserk, Trog's Hand, Burn Spellbooks, Renounce Religion


You were on level 3 of the Dungeon.
You worshipped Trog.
Trog was pleased with you.
You were very hungry.

You visited 1 branch of the dungeon, and saw 3 of its levels.

You collected 60 gold pieces.

Inventory:

Hand Weapons
 a - a +1 hand axe (weapon)
Missiles
 d - 62 stones
 j - 6 javelins (quivered)
Armour
 i - a +0 ring mail (worn)
Scrolls
 e - 2 scrolls of blinking
 h - a scroll of fear
Potions
 b - 2 potions of curing
Books
 q - a book of Air

   Spells                             Type                      Level
   a - Shock                          Conjuration/Air              1
   b - Swiftness                      Charms/Air                   2
   c - Repel Missiles                 Charms/Air                   2
   d - Static Discharge               Conjuration/Air              3
   e - Lightning Bolt                 Conjuration/Air              5
   Trog disapproves of the use of such an item.
Comestibles
 c - 2 bread rations
 f - 4 meat rations
 k - 4 fruits
 m - a beef jerky


   Skills:
 + Level 4.4 Fighting
 * Level 5.5 Axes
 + Level 1.5 Throwing
 + Level 3.5 Armour
 - Level 1.5 Dodging


You had 4 spell levels left.
You didn't know any spells.

Dungeon Overview and Level Annotations

Branches:
Dungeon (3/15)

Altars:
Makhleb
Vehumet
Yredelemnul


Message History

ATTACK MOVE TO (1,1)
You barely miss the orc. The orc closely misses you.
The orc hits you but does no damage. The orc misses you.
ATTACK MOVE TO (1,1)
You barely miss the orc.
The orc hits you from afar with a trident.
The orc misses you.
ATTACK MOVE TO (1,1)
You slash the orc!
You kill the orc!
Trog accepts your kill.
The orc hits you from afar with a trident.
The orc barely misses you.
ATTACK MOVE TO (1,0)
The orc closely misses you.
Items here: % ) [[ a mace; a ring mail; a scale mail; an orc corpse ATTACK MOVE TO (1,0)
You closely miss the orc. The orc hits you with a trident!
You die...

#....# ##### .<.
#....### #...#....#
#....#.. +...#....#
#....#.# #........+
#....#.# #........#
#....#.# #........#
#######'#.#####........#
..........#...'.........
..........#.###)oo#####
..........#.# #.).......
............# #....##..#
.........#### ....... .
.........+.. .###.....#
.............. .....+
....<....#### #....#
.........# ....+
.........#


You could see an orc.

Table legend:
 A = Turns spent in this place as a percentage of turns spent in the entire game.
 B = Non-inter-level travel turns spent in this place as a percentage of non-inter-level travel turns spent in the entire game.
 C = Inter-level travel turns spent in this place as a percentage of turns spent in this place.
 D = Turns resting spent in this place as a percentage of non-inter-level travel turns spent in this place.
 E = Turns spent auto-exploring this place as a percentage of non-inter-level travel turns spent in this place.
 F = Non-inter-level travel turns spent in this place divided by the number of levels of this place that you've seen.
                   A       B       C       D       E      F
               +-------+-------+-------+-------+-------+----------------------
         Total | 100.0 | 100.0 |   0.5 |   1.1 |   2.1 | 1323.0
       Dungeon | 100.0 | 100.0 |   0.5 |   1.1 |   2.1 | 1323.0
               +-------+-------+-------+-------+-------+----------------------

Table legend:
 A = Kills in this place as a percentage of kills in entire the game.
 B = Kills by you in this place as a percentage of kills by you in the entire game.
 C = Kills by friends in this place as a percentage of kills by friends in the entire game.
 D = Other kills in this place as a percentage of other kills in the entire game.
 E = Experience gained in this place as a percentage of experience gained in the entire game.
 F = Experience gained in this place divided by the number of levels of this place that you have seen.
                   A       B       C       D       E      F
               +-------+-------+-------+-------+-------+----------------------
         Total | 100.0 | 100.0 |  -nan |  -nan | 100.0 |  67.7
       Dungeon | 100.0 | 100.0 |  -nan |  -nan | 100.0 |  67.7
               +-------+-------+-------+-------+-------+----------------------

Vanquished Creatures
  An orc priest (D:3)
  6 adders
  A worm (D:2)
  A giant gecko (D:1)
  3 orcs (D:3)
  A bat (D:1)
  3 giant cockroaches
  6 goblins (D:1)
  3 hobgoblins
  8 jackals (D:1)
  4 giant newts
  8 kobolds
  11 rats
56 creatures vanquished.

Notes
Turn   | Place    | Note
--------------------------------------------------------------
     0 | D:1      | gw the Hill Orc Berserker began the quest for the Orb.
     0 | D:1      | Reached XP level 1. HP: 19/19 MP: 1/1
   244 | D:1      | Reached XP level 2. HP: 25/27 MP: 2/2
   871 | D:1      | Reached XP level 3. HP: 33/33 MP: 3/3
   913 | D:1      | Reached ** piety under Trog
  1588 | D:2      | Reached skill level 1 in Throwing
  1678 | D:2      | Found a radiant altar of Vehumet.
  1683 | D:2      | Found a basalt altar of Yredelemnul.
  1686 | D:2      | Found a burning altar of Makhleb.
  2456 | D:2      | Reached XP level 4. HP: 30/40 MP: 4/4
  2606 | D:2      | Reached skill level 5 in Axes
  3226 | D:3      | Reached XP level 5. HP: 47/47 MP: 5/5
  3238 | D:3      | Slain by an orc

Action                   |  1- 3 |  4- 6 || total
-------------------------+-------+-------++-------
Melee: Hand axe          |   107 |    40 ||   147
Throw: Stone             |   104 |       ||   104
       Javelin           |    15 |     6 ||    21
Invok: Berserk           |       |     1 ||     1
  Use: Scroll            |     3 |     4 ||     7
       Potion            |     3 |     3 ||     6
  Eat: Chunk             |     5 |     2 ||     7

Vault maps used:
D:1:      dpeg_arrival_rooms_b, minmay_rat_gold_closets
D:2:      minmay_overflow_temple_star_quad, first_bread, grunt_ministairs_4
D:3:      lemuel_tele_altar
